 Dungeon Crawl Stone Soup version 0.28.0-53-g5a82cb258f (webtiles) character file.

Game seed: 1459899166303847976

82 MiltankisOP the Chopper (level 4, 0/35 HPs)
             Began as a Formicid Abyssal Knight on July 12, 2022.
             Was a Follower of Lugonu.
             Succumbed to an adder's poison
             ... on level 2 of the Dungeon.
             The game lasted 00:02:30 (2399 turns).

MiltankisOP the Chopper (Formicid Abyssal Knight)   Turns: 2399, Time: 00:02:31

Health: 0/35       AC:  3    Str: 20    XL:     4   Next: 70%
Magic:  5/5        EV: 11    Int:  9    God:    Lugonu [*.....]
Gold:   63         SH:  0    Dex: 11    Spells: 3/3 levels left

rFire   . . .      SeeInvis +   a - +1 hand axe
rCold   . . .      Faith    .   (no shield)
rNeg    . . .      Spirit   .   b - +0 leather armour
rPois   .          Reflect  .   (helmet unavailable)
rElec   .          Harm     .   (no cloak)
rCorr   .          Rampage  .   (no gloves)
Will    .....                   (no boots)
Stlth   +.........              (no amulet)
HPRegen 0.11/turn               (no ring)
MPRegen 0.09/turn               (no ring)

@: lethally poisoned (0 -> -1)
A: permanent stasis, dig shafts and tunnels, antennae 3, four strong arms
a: Dig, Shaft Self, Renounce Religion, Depart the Abyss


You were on level 2 of the Dungeon.
You worshipped Lugonu.
Lugonu was aware of your devotion.
You visited 1 branch of the dungeon, and saw 2 of its levels.
You visited the Abyss 1 time.

You collected 63 gold pieces.

Inventory:

Hand Weapons
 a - a +1 hand axe (weapon)
Armour
 b - a +0 leather armour (worn)
Scrolls
 c - a scroll of fear {unknown}
 e - a scroll of identify {unknown}


   Skills:
 - Level 3.3 Fighting
 + Level 4.5 Axes
 - Level 2.2 Armour
 - Level 0.8 Dodging
 - Level 2.2 Invocations


You had 3 spell levels left.
You didn't know any spells.
Your spell library was empty.

Dungeon Overview and Level Annotations

Branches:
Dungeon (2/15)

Altars:

Shops:
D:1 (


Innate Abilities, Weirdness & Mutations

You cannot be hasted, slowed, berserked, paralysed or teleported.
You can dig through walls and to a lower floor.
You have a pair of large antennae on your head. (SInv)
Your four strong arms can wield two-handed weapons with a shield.


Message History

You barely miss the adder.
The adder is severely wounded.
You feel sick. The adder bites you.
You are more poisoned.
The adder poisons you! The adder closely misses you.
You barely miss the adder.
The adder is severely wounded.
You feel sick. The adder bites you.
You miss the adder.
The adder is severely wounded.
You feel sick. The adder closely misses you.
You hit the adder but do no damage.
The adder is severely wounded.
You feel sick. The adder bites you but does no damage.
The adder closely misses you.
You miss the adder.
The adder is severely wounded.
You feel sick. The adder bites you.
* * * LOW HITPOINT WARNING * * *
You are lethally poisoned!
The adder poisons you!
You slash the adder!
You kill the adder!
Lugonu accepts your kill.
* * * LOW HITPOINT WARNING * * *
You feel sick.
Okay, then.
* * * LOW HITPOINT WARNING * * *
You feel sick.
Items here: ( )) †††.
* * * LOW HITPOINT WARNING * * *
You feel sick.
A frilled lizard comes into view.
* * * LOW HITPOINT WARNING * * *
You feel sick.
* * * LOW HITPOINT WARNING * * *
You feel sick.
* * * LOW HITPOINT WARNING * * *
You feel sick.
You die...

#####
#.....##############
#...####.....#
#...#........#
#........#####
#........#
#........#
#)..#'####
##...#)#########...
#...........@l......
#..........[####...#
#.....?........... #
#.......##..##....
#.......##.... ###
##########.###. ##.
.. # #


You could see a frilled lizard.

Vanquished Creatures
  4 adders (D:2)
  A worm (D:2)
  2 dart slugs (D:1)
  A bat (D:1)
  3 endoplasms (D:1)
  5 goblins
  3 hobgoblins (D:1)
  3 kobolds
  3 quokkas
  7 ball pythons
  2 frilled lizards (D:1)
  3 rats (D:1)
37 creatures vanquished.

Vanquished Creatures (others)
  A fungus (D:2)
1 creature vanquished.

Grand Total: 38 creatures vanquished

Notes
Turn   | Place    | Note
-------+----------+-------------------------------------------
     0 | Abyss:1  | MiltankisOP the Formicid Abyssal Knight began the quest for
                  | the Orb.
     0 | Abyss:1  | Reached XP level 1. HP: 18/18 MP: 2/2
    51 | Abyss:1  | Noticed a wretched star
    52 | D:1      | Escaped the Abyss
   104 | D:1      | Reached XP level 2. HP: 19/24 MP: 3/3
   104 | D:1      | Reached * piety under Lugonu
   580 | D:1      | Reached skill level 3 in Axes
   878 | D:1      | Found Vomium's Antique Weapon Emporium.
   955 | D:1      | Reached XP level 3. HP: 29/29 MP: 4/4
  1666 | D:2      | Found a faded altar of an unknown god.
  1683 | D:2      | Reached skill level 4 in Axes
  1683 | D:2      | Reached XP level 4. HP: 13/35 MP: 5/5
  1938 | D:2      | HP: 2/52 [poisoned by an adder]
  2398 | D:2      | HP: 1/35 [poisoned by an adder]
  2399 | D:2      | Succumbed to an adder's poison

Illustrated notes

Levels and vault maps discovered:
D:1:      zaba_arrival_water, layout_basic, serial_shops,
          nicolae_lakefront_shop, serial_corexii_hall,
          chequers_hall_statues_wall_a, corexii_hall_statues_u,
          corexii_hall_statues_x, st_stairs_13
D:2:      layout_basic, basic_ecumenical_altar, lemuel_flame_loot_1,
          uniq_crazy_yiuf_cottage

Skill      XL: |  1  2  3 |
---------------+----------+-----
Axes           | 3 4 |  4.5
Fighting       | |  3.3
Armour         | |  2.2
Dodging        | |  0.8
Invocations    | |  2.2

Action                   |  1- 3 |  4- 6 || total
-------------------------+-------+-------++-------
Melee: Hand axe          |    97 |    30 ||   127
Invok: Depart the Abyss  |     1 |       ||     1
  Use: Potion            |       |     1 ||     1
 Stab: Sleeping          |     1 |       ||     1
Armor: Leather armour    |    23 |    11 ||    34
Dodge: Dodged            |    55 |    18 ||    73
